 Dungeon Crawl Stone Soup version 0.32-a0-918-g0f22ef8d61 (webtiles) character file.

Game seed: 1719265586874413152

184 Sabo the Charlatan (level 5, -2/39 HPs)
             Began as a Human Artificer on Apr 12, 2024.
             Was a Believer of Nemelex Xobeh.
             Splashed by a jelly's acid (6 damage)
             ... on level 4 of the Dungeon.
             The game lasted 00:16:26 (3336 turns).

Sabo the Charlatan (Human Artificer)                Turns: 3336, Time: 00:16:27

Health: -2/39      AC: -3    Str: 14    XL:     5   Next: 63%
Magic:  5/5        EV:  9    Int: 11    God:    Nemelex Xobeh [**....]
Gold:   197        SH:  0    Dex: 14    Spells: 4/4 levels left

rFire   . . .        f - +1 dagger (vamp)
rCold   + . .        (no shield)
rNeg    . . .        k - +7 Kryia's mail coat {PotionHeal*2 rC+}
rPois   .            o - +0 helmet
rElec   .            (no cloak)
rCorr   .            r - +0 pair of gloves
SInv    .            (no boots)
Will    .....        (no amulet) Stlth
                     (no ring)
HPRegen 0.26/turn    (no ring)
MPRegen 0.09/turn

%: no passive effects
@: lethally poisoned (-2 -> -9), corroded
A: explore regen
a: Renounce Religion, Draw Escape, Draw Destruction, Draw Summoning


You were on level 4 of the Dungeon.
You worshipped Nemelex Xobeh.
Nemelex Xobeh was pleased with you.
You visited 1 branch of the dungeon, and saw 4 of its levels.

You collected 197 gold pieces.

Inventory:

Hand Weapons
 f - a +1 vampiric dagger (weapon)
Armour
 k - the +7 Kryia's mail coat (worn) {PotionHeal*2 rC+}
   (You found it on level 2 of the Dungeon)

   PotionHeal*2: Potions heal its wearer twice as much.
   rC+:       It protects you from cold.
 o - a +0 helmet (worn)
 r - a +0 pair of gloves (worn)
Wands
 c - a wand of flame (15) (quivered)
 d - a wand of charming (15)
 e - a wand of iceblast (5)
 p - a wand of acid (9)
Scrolls
 a - a scroll of teleportation
 b - 2 scrolls of poison
 m - a scroll of enchant armour {unknown}
 q - a scroll of blinking {unknown}
Potions
 h - a potion of ambrosia {unknown}
 j - a potion of might {unknown}
 l - a potion of degeneration {unknown}
 n - a potion of curing {unknown}


   Skills:
 + Level 2.3 Fighting
 + Level 2.2 Short Blades
 + Level 0.5 Maces & Flails
 + Level 3.2 Armour
 + Level 2.2 Dodging
 + Level 1.0 Stealth
 + Level 3.5 Evocations


You had 4 spell levels left.
You didn't know any spells.
Your spell library was empty.

Dungeon Overview and Level Annotations

Branches:
Dungeon (4/15)
 Temple: D:4-7

Altars:
Fedhas
Nemelex Xobeh

Annotations:
D:3 1 runed translucent door, javelincjr's ghost, amateur FoHu


Innate Abilities, Weirdness & Mutations

You regain HP and MP as you explore.


Message History

You hit the jelly.
You feel better.
Your hands burn!
The jelly is lightly wounded.
The adder closely misses you. The jelly closely misses you.
You hit the jelly but do no damage. The acid corrodes you!
Your hands burn!
The jelly is lightly wounded.
The adder barely misses you. The jelly barely misses you.
You hit the jelly.
Your hands burn!
The jelly is moderately wounded.
The adder bites you but does no damage. The jelly hits you.
The acid corrodes you!
You are splashed with acid!
You hit the jelly.
You feel better. The acid corrodes you!
Your hands burn!
The jelly is moderately wounded.
The adder bites you. The jelly barely misses you. The adder bites you.
You hit the jelly but do no damage.
Your hands burn!
* * * LOW HITPOINT WARNING * * *
The jelly is moderately wounded.
The adder bites you.
* * * LOW HITPOINT WARNING * * *
You are lethally poisoned!
The adder poisons you! The jelly completely misses you.
The +7 Kryia's mail coat enhances the healing.
You feel much better.
You feel sick. The adder bites you. The jelly hits you.
You are splashed with acid!
You hit the jelly. The acid corrodes you!
Your hands burn!
The jelly is heavily wounded.
You feel sick. The adder bites you.
You hit the jelly but do no damage.
Your hands burn!
The jelly is heavily wounded.
You feel sick. The adder bites you. The jelly completely misses you.
You hit the jelly but do no damage.
Your hands burn!
* * * LOW HITPOINT WARNING * * *
The jelly is heavily wounded.
You feel sick. The adder bites you.
* * * LOW HITPOINT WARNING * * *
You are lethally poisoned!
The adder poisons you! The jelly hits you.
* * * LOW HITPOINT WARNING * * *
You are splashed with acid.
You die...
Your body disappears without a glow.

.....#._#...........#
.[.....#..<.........##
............#......##
###...#.#######
...............
...........####
..........#####
........[.?....
#......@..#####
.......JS..#
##.............
##.#.....##...
.......... ...
.##.#......# ..
#.#.###..# # #. ..#


You could see a jelly and an adder.

Vanquished Creatures
  A hound (D:4)
  An iguana (D:4)
  4 gnolls (D:3)
  3 adders
  A ribbon worm (D:2)
  A dart slug (D:2)
  5 ball pythons
  8 bats
  3 endoplasms
  A giant cockroach (D:3)
  5 hobgoblins
  6 jackals (D:1)
  A quokka (D:3)
  3 frilled lizards
  11 goblins
  4 kobolds
  A rat (D:1)
59 creatures vanquished.

Notes
Turn   | Place    | Note
-------+----------+-------------------------------------------
     0 | D:1      | Sabo the Human Artificer began the quest for the Orb.
     0 | D:1      | Reached XP level 1. HP: 15/15 MP: 1/1
   272 | D:1      | Reached XP level 2. HP: 21/21 MP: 2/2
   408 | D:1      | Found a faded altar of an unknown god.
   425 | D:1      | Prayed at the altar of an unknown god.
   425 | D:1      | Became a worshipper of Nemelex Xobeh the Trickster
   425 | D:1      | Reached * piety under Nemelex Xobeh
   540 | D:1      | Received a gift from Nemelex Xobeh
   994 | D:2      | Found the +7 Kryia's mail coat {PotionHeal*2 rC+}
  1085 | D:2      | Reached XP level 3. HP: 20/26 MP: 3/3
  1515 | D:2      | Reached ** piety under Nemelex Xobeh
  1803 | D:3      | Reached skill level 1 in Short Blades
  1847 | D:3      | Noticed javelincjr's ghost (amateur FoHu)
  1850 | D:3      | Found a runed translucent door.
  1861 | D:3      | Reached XP level 4. HP: 30/32 MP: 4/4
  2728 | D:3      | Reached XP level 5. HP: 32/37 MP: 5/5
  3291 | D:4      | Found a blossoming altar of Fedhas.
  3336 | D:4      | Splashed by a jelly's acid

Illustrated notes

Levels and vault maps discovered:
D:1:      dpeg_arrival_orchard, layout_loops_ring,
          shapermc_ecumenical_altar_notcrosses
D:2:      layout_basic
D:3:      layout_basic, hellmonk_ghost_happy_afterlife
D:4:      layout_rooms, xom_confusion_cloud, overflow_temple_1_default,
          minmay_bisected, uniq_grinder

Skill      XL: |  1  2  3  4  5 |
---------------+----------------+-----
Short Blades   | 1 2 |  2.2
Dodging        | 2 |  2.2
Armour         | 3 |  3.2
Fighting       | 2 |  2.3
Maces & Flails | |  0.5
Stealth        | |  1.0
Evocations     | |  3.5

Action                     |  1- 3 |  4- 6 || total
---------------------------+-------+-------++-------
  Melee: Club              |    29 |       ||    29
         Dagger            |   143 |   198 ||   341
    Use: Scroll            |       |     4 ||     4
         Potion            |       |     2 ||     2
 Armour: Leather armour    |    69 |       ||    69
         Scale mail        |    57 |   140 ||   197
  Dodge: Dodged            |    94 |    86 ||   180

Table legend: (Time is in decaauts)
 A = Elapsed time spent in this place.
 B = Non-inter-level travel time spent in this place.
 C = Inter-level travel time spent in this place.
 D = Time resting spent in this place.
 E = Time spent auto-exploring this place.
 F = Levels seen in this place.
 G = Mean time per level.
                   A        B        C        D        E       F      G
               +--------+--------+--------+--------+--------+-----+--------+
         Total |   3321 |   3321 |      0 |    365 |      0 |   4 |  830.2 |
       Dungeon |   3321 |   3321 |      0 |    365 |      0 |   4 |  830.2 |
               +--------+--------+--------+--------+--------+-----+--------+

Top non-repeatable levels by time:
     D:3: 1409 daAuts
     D:1: 1001 daAuts
     D:2: 800 daAuts
     D:4: 110 daAuts
